 Dungeon Crawl Stone Soup version 0.27-a0-1456-gf5a116941d (webtiles) character file.

Game seed: 13459470200384720354

325 hatdisgam the Shield-Bearer (level 6, -10/47 HPs)
             Began as a Formicid Fighter on July 5, 2021.
             Engulfed by a cloud of steam (12 damage)
             ... on level 7 of the Dungeon.
             The game lasted 00:05:33 (4438 turns).

hatdisgam the Shield-Bearer (Formicid Fighter)      Turns: 4438, Time: 00:05:33

Health: -10/47     AC: 10    Str: 21    XL:     6   Next: 78%
Magic:  0/6        EV:  9    Int:  9    God:
Gold:   161        SH: 10    Dex: 10    Spells: 5/5 levels left

rFire    . . .     SeeInvis +   a - +0 long sword
rCold    . . .     Faith    .   c - +0 kite shield
rNeg     . . .     Spirit   +   b - +0 scale mail
rPois    .         Reflect  .   (helmet unavailable)
rElec    .         Harm     .   (no cloak)
rCorr    .         Rampage  .   (no gloves)
Will     .....                  (no boots)
Stlth    ..........             j - amulet of guardian spirit
HPRegen  0.15/turn              k - +4 ring of protection
MPRegen  0.10/turn              (no ring)

@: no status effects
A: permanent stasis, dig shafts and tunnels, antennae 3, four strong arms
a: Dig, Shaft Self


You were on level 7 of the Dungeon.
You visited 1 branch of the dungeon, and saw 8 of its levels.

You collected 161 gold pieces.

Inventory:

Hand Weapons
 a - a +0 long sword (weapon)
 h - a +0 dagger
Armour
 b - a +0 scale mail (worn)
 c - a +0 kite shield (worn)
Jewellery
 j - an amulet of guardian spirit (around neck)
 k - a +4 ring of protection (left hand)
Scrolls
 d - a scroll of enchant armour {unknown}
 e - 2 scrolls of fog {unknown}
 f - 3 scrolls of identify {unknown}
 g - 2 scrolls of magic mapping {unknown}
Potions
 i - a potion of invisibility {unknown}


   Skills:
 - Level 3.2 Fighting
 * Level 4.9 Long Blades
 - Level 3.2 Armour
 + Level 2.5 Dodging
 + Level 5.2 Shields


You had 5 spell levels left.
You didn't know any spells.
Your spell library contained the following spells:

 Spells                   Type           Power      Damage    Failure   Level
 Dazzling Flash           Conj/Hex       0%         N/A       100%        3
 Agony                    Necr           0%         N/A       100%        5
 Silence                  Hex/Air        0%         N/A       100%        5


Dungeon Overview and Level Annotations

Branches:
Dungeon (9/15)
 Temple: D:4-7         Lair: D:8-11         Orc: D:9-12

Altars:
Fedhas
Sif Muna

Annotations:
D:6 Duvessa


Innate Abilities, Weirdness & Mutations

You cannot be hasted, slowed, berserked, paralysed or teleported.
You can dig through walls and to a lower floor.
You have a pair of large antennae on your head. (SInv)
Your four strong arms can wield two-handed weapons with a shield.


Message History

You block the steam dragon's attack. The steam dragon barely misses you.
You hit the steam dragon.
The steam dragon is severely wounded.
You block the steam dragon's attack. x2
You slash the steam dragon!
The steam dragon is almost dead.
The steam dragon bites you.
* * * LOW HITPOINT WARNING * * *
You block the steam dragon's attack.
Unknown command.
You hit the steam dragon.
The steam dragon is almost dead.
You block the steam dragon's attack. The steam dragon claws you.
* * * LOW HITPOINT WARNING * * *
Unknown command.
You hit the steam dragon but do no damage.
The steam dragon is almost dead.
You block the steam dragon's attack. The steam dragon claws you.
* * * LOW HITPOINT WARNING * * *
The steam dragon closely misses you. You block the steam dragon's attack.
Unknown command.
You closely miss the steam dragon.
The steam dragon is almost dead.
The steam dragon breathes steam at you. The ball of steam hits you.
* * * LOW HITPOINT WARNING * * *
You hear a shout! x3
Unknown command.
Unknown command.
You barely miss the steam dragon.
The steam dragon is almost dead.
You are engulfed in a cloud of scalding steam.
* * * LOW HITPOINT WARNING * * *
You block the steam dragon's attack. x2
Unknown command.
You slash the steam dragon!
You kill the steam dragon!
The steam dragon scales are intact enough to wear.
You are engulfed in a cloud of scalding steam.
You die...

...#.## # #.# .)....#
#..#.# .#....# ##..#.#
#.....###...#{#
#......##...#.###
#...##.......§..
..#.###....##.#########.
...............§........
###.###......§.§@[.#..
#..#....##.§§.§...#
##.#..#.###.(......#
#.....#.# #........#
.....#..# #........(.
....##.## #########.##
..#.....# .# ..#.....#
.# .##.....#


There were no monsters in sight!

Vanquished Creatures
  A steam dragon (D:7)
  An ogre (D:7)
  A jelly (D:5)
  Terence (D:3)
  2 iguanas (D:6)
  A gnoll (D:5)
  4 adders
  A white imp (D:7)
  An ufetubus (D:7)
  3 dart slugs
  2 ball pythons
  5 bats
  5 endoplasms
  7 giant cockroaches
  4 goblins
  6 hobgoblins
  10 jackals
  2 quokkas (D:1)
  4 frilled lizards
  6 kobolds
  6 rats
73 creatures vanquished.

Notes
Turn   | Place    | Note
-------+----------+-------------------------------------------
     0 | D:1      | hatdisgam the Formicid Fighter began the quest for the Orb.
     0 | D:1      | Reached XP level 1. HP: 18/18 MP: 1/1
    68 | D:1      | Found a faded altar of an unknown god.
    96 | D:1      | Reached XP level 2. HP: 21/24 MP: 2/2
   543 | D:1      | Reached XP level 3. HP: 29/29 MP: 3/3
   557 | D:1      | Reached skill level 4 in Shields
   562 | D:1      | Reached skill level 1 in Dodging
  1304 | D:2      | Reached XP level 4. HP: 33/35 MP: 4/4
  2320 | D:3      | Reached XP level 5. HP: 41/41 MP: 5/5
  2513 | D:3      | Noticed Terence
  2518 | D:3      | Killed Terence
  2617 | D:3      | Found a blossoming altar of Fedhas.
  2864 | D:3      | Found a shimmering blue altar of Sif Muna.
  2949 | D:3      | You fall into a shaft and drop 2 floors!
  2949 | D:5      | Entered Level 5 of the Dungeon
  3262 | D:5      | You fall into a shaft and drop 1 floor!
  3491 | D:6      | Reached XP level 6. HP: 38/47 MP: 6/6
  3629 | D:6      | Reached skill level 5 in Shields
  3630 | D:6      | Noticed Duvessa
  3641 | D:6      | You fall into a shaft and drop 3 floors!
  3847 | D:9      | Noticed a two-headed ogre
  3867 | D:9      | Noticed a freezing wraith
  3869 | D:9      | Noticed an efreet
  3996 | D:8      | Noticed an orc warrior
  4255 | D:7      | Noticed an ogre
  4268 | D:7      | Killed an ogre
  4423 | D:7      | Noticed a steam dragon
  4437 | D:7      | HP: 2/47 [steam dragon] (4)]
  4438 | D:7      | Killed a steam dragon
  4438 | D:7      | Engulfed by a cloud of steam

Illustrated notes

Levels and vault maps discovered:
D:1:      tarquinn_simple_flora_water_d, layout_basic,
          shapermc_ecumenical_altar_starsandcircs, minmay_misc_feat_columns
D:2:      layout_basic, minmay_misc_feat_five
D:3:      layout_basic, fedhas_altar_3, nicolae_overflow_hidden_temple,
          grunt_decor_one_mirror, uniq_terence
D:5:      layout_basic, nicolae_tso_swordbearing_angel,
          gammafunk_temple_overflow_wave, minmay_temple_entry_fiery
D:6:      layout_layer_cave, nemelex_xobeh_ov_fountains_minmay,
          cheibriados_altar_1, grunt_ministairs_1, grunt_decor_fettered,
          uniq_duvessa
D:7:      layout_rooms
D:8:      layout_gridville, old_standard_altar, lemuel_round_altar,
          lair_entry_dummy, serial_shops, shop, shop,
          nicolae_shop_overgrown_old_shop, kennysheep_mini,
          hellmonk_ghost_happy_afterlife, minmay_orc_keep, uniq_prince_ribbit1
D:9:      layout_long_grid, general_overflow_altar, lemuel_crystal_altar,
          minmay_fountain_box, minmay_fractal_squares_gapless_7

Skill      XL: |  1  2  3  4  5  6 |
---------------+-------------------+-----
Shields        | 4 5 |  5.2
Dodging        | 1 2 |  2.5
Long Blades    | 3 4 |  4.9
Fighting       | |  3.2
Armour         | |  3.2

Action                   |  1- 3 |  4- 6 || total
-------------------------+-------+-------++-------
Melee: Long sword        |   107 |   162 ||   269
 Abil: Shaft Self        |       |     3 ||     3
       Dig               |       |     2 ||     2
  Use: Potion            |       |     4 ||     4
Armor: Scale mail        |    58 |    80 ||   138
Dodge: Dodged            |    49 |    78 ||   127
Block: Kite shield       |    64 |   107 ||   171
       Rpst.: Long sword |    11 |    16 ||    27

Table legend: (Time is in decaauts)
 A = Elapsed time spent in this place.
 B = Non-inter-level travel time spent in this place.
 C = Inter-level travel time spent in this place.
 D = Time resting spent in this place.
 E = Time spent auto-exploring this place.
 F = Levels seen in this place.
 G = Mean time per level.
                   A        B        C        D        E       F      G
               +--------+--------+--------+--------+--------+-----+--------+
         Total |   4541 |   4475 |     66 |    872 |   2780 |   8 |  567.6 |
       Dungeon |   4541 |   4475 |     66 |    872 |   2780 |   8 |  567.6 |
               +--------+--------+--------+--------+--------+-----+--------+

Top non-repeatable levels by time:
     D:1: 1333 daAuts
     D:2: 1005 daAuts
     D:3: 697 daAuts
     D:7: 432 daAuts
     D:6: 383 daAuts
     D:9: 355 daAuts
     D:5: 316 daAuts
     D:8: 18 daAuts
